 Dungeon Crawl Stone Soup version 0.29.1-1-gd02db6906a (webtiles) character file.

Game seed: 16850366345705579546

46 Descartes the Grasshopper (level 3, -1/15 HPs)
             Began as a Felid Wanderer on Oct 14, 2022.
             Slain by a kobold
             ... wielding a +0 whip
              (3 damage)
             ... on level 2 of the Dungeon.
             The game lasted 00:03:23 (2007 turns).

Descartes the Grasshopper (Felid Wanderer)          Turns: 2007, Time: 00:03:23

Health: -1/15      AC:  1    Str:  7    XL:     3   Next: 46%
Magic:  5/5        EV: 20    Int: 13    God:
Gold:   89         SH:  0    Dex: 24    Spells: 4/4 levels left
                                        Lives:  0   Deaths: 0

rFire   . . .      SeeInvis +     - Unarmed
rCold   . . .      Faith    .   (shield unavailable)
rNeg    . . .      Spirit   .   (body armour unavailable)
rPois   .          Reflect  .   (helmet unavailable)
rElec   .          Harm     .   (cloak unavailable)
rCorr   .          Rampage  .   (gloves unavailable)
Will    .....                   (boots unavailable)
Stlth   ++........              (no amulet)
HPRegen 0.05/turn               d - +6 ring of dexterity
MPRegen 0.09/turn               (no ring)

@: quick
A: very small, claws 1, fangs 3, see invisible, speed 1, shaggy fur 1, stealthy
paws, no weapons or thrown items, no armour, multi-lived
a: no special abilities


You were on level 2 of the Dungeon.
You visited 1 branch of the dungeon, and saw 2 of its levels.

You collected 89 gold pieces.

Inventory:

Jewellery
 c - an amulet of faith
 d - a +6 ring of dexterity (left paw)
 j - a ring of ice
Scrolls
 a - a scroll of fear
 b - a scroll of brand weapon {unknown}
 e - a scroll of amnesia {unknown}
 g - a scroll of vulnerability {unknown}
 i - a scroll of magic mapping {unknown}
Potions
 f - 2 potions of magic {unknown}
 h - a potion of mutation {unknown}


   Skills:
 + Level 0.6 Fighting
 * Level 4.4 Dodging
 * Level 1.7 Stealth
 * Level 1.2 Unarmed Combat
 + Level 1.2 Spellcasting
 + Level 3.4 Hexes
 + Level 6.0 Translocations


You had 4 spell levels left.
You didn't know any spells.
Your spell library contained the following spells:

 Spells                   Type           Power      Damage    Failure   Level
 Apportation              Tloc           32%        N/A       2%          1
 Slow                     Hex            36%        N/A       7%          1
 Lesser Beckoning         Tloc           16%        N/A       7%          3
 Teleport Other           Tloc           16%        N/A       7%          3
 Tukima's Dance           Hex            9%         N/A       21%         3
 Call Canine Familiar     Summ           0%         N/A       63%         3
 Leda's Liquefaction      Hex/Erth       2%         N/A       80%         4
 Portal Projectile        Hex/Tloc       Unusable   N/A       N/A         3

Dungeon Overview and Level Annotations

Branches:
Dungeon (2/15)

Altars:

Annotations:
D:1 Terence


Innate Abilities, Weirdness & Mutations

You have sharp claws.
You have razor-sharp teeth.
You have supernaturally acute eyesight. (SInv)
You cover ground quickly. (Speed+)
You are covered in fur. (AC +1)
Your paws help you pounce on unaware monsters.
You are incapable of wielding weapons or throwing items.
You cannot wear armour.
You gain extra lives every three experience levels.


Message History

The adder misses you.
You scratch the adder.
You kill the adder!
You scratch the kobold but do no damage.
The kobold hits you with a +0 short sword.
You closely miss the kobold.
The kobold hits you with a +0 short sword.
You scratch the kobold but do no damage.
The kobold closely misses you.
You barely miss the kobold. Your bite misses the kobold.
The kobold completely misses you.
You scratch the kobold.
You kill the kobold!
The kobold throws a stone.
The stone completely misses you. The dart slug misses you.
You scratch the dart slug.
You bite the dart slug, but do no damage.
The dart slug is severely wounded.
The dart slug misses you.
You scratch the dart slug but do no damage.
The dart slug is severely wounded.
You scratch the dart slug.
The dart slug is severely wounded.
The dart slug bites you.
* * * LOW HITPOINT WARNING * * *
You scratch the dart slug.
You kill the dart slug!
You scratch the kobold.
The kobold is moderately wounded.
The kobold barely misses you.
You scratch the kobold but do no damage.
The kobold is moderately wounded.
The kobold hits you but does no damage.
You closely miss the kobold. Your bite misses the kobold.
The kobold is moderately wounded.
The kobold completely misses you.
You scratch the kobold but do no damage.
The kobold is moderately wounded.
The kobold hits you with a +0 whip.
You die...

###.# .... ...#########
..#.........
###.##.........
######..>##........?
########.......###.........
....#...........@K.........
....#.##......######...#.##
......##......# .......
.......).>....# #.#.###
.###..##......# .# ..
..##.#####.##.# .# .#
#....# ..#.... . w #.)###
#)....### # ..<.#####..##.#


You could see a kobold.

Vanquished Creatures
  An adder (D:2)
  A worm (D:2)
  A dart slug (D:2)
  4 endoplasms (D:1)
  2 giant cockroaches (D:1)
  2 hobgoblins
  A quokka (D:2)
  4 ball pythons
  2 bats
  4 frilled lizards
  3 goblins (D:1)
  5 kobolds
  5 rats (D:1)
35 creatures vanquished.

Vanquished Creatures (others)
  8 plants (D:2)
8 creatures vanquished.

Grand Total: 43 creatures vanquished

Notes
Turn   | Place    | Note
-------+----------+-------------------------------------------
     0 | D:1      | Descartes the Felid Wanderer began the quest for the Orb.
     0 | D:1      | Descartes set off with the following items: a scroll of
                  | fear; and the following spells available to memorise:
                  | Apportation, Slow, Lesser Beckoning, Teleport Other,
                  | Tukima's Dance.
     0 | D:1      | Reached XP level 1. HP: 7/7 MP: 3/3
   574 | D:1      | Reached XP level 2. HP: 7/11 MP: 4/4
   705 | D:1      | Reached skill level 1 in Stealth
   971 | D:1      | Reached skill level 6 in Translocations
  1116 | D:1      | Reached skill level 1 in Unarmed Combat
  1453 | D:2      | Noticed Terence
  1729 | D:2      | Reached XP level 3. HP: 12/15 MP: 5/5
  2007 | D:2      | Slain by a kobold

Illustrated notes

Levels and vault maps discovered:
D:1:      minmay_arrival_wavy_path, layout_loops_ring
D:2:      cheibrodos_old_hovel, layout_rooms, chequers_ecumenical_altar_island,
          minmay_indecisive_spiral, uniq_terence

Skill      XL: |  1  2 |
---------------+-------+-----
Stealth        | 1 |  1.7
Translocations | 6 |  6.0
Unarmed Combat | 1 |  1.2
Fighting       | |  0.6
Dodging        | |  4.4
Spellcasting   | |  1.2
Hexes          | |  3.4

Action                   || total
-------------------------++-------
Melee: Unarmed           ||   135
       Bite              ||    13
       Punch             ||     1
 Stab: Sleeping          ||     4
Armor: Skin              ||     7
Dodge: Dodged            ||   110
